 Dungeon Crawl Stone Soup version 0.21-a0-85-ga0cb861 (webtiles) character file.

2504 grindst0ne the Fighter (level 9, -4/82 HPs)
             Began as a Formicid Fighter on June 25, 2017.
             Was a Priest of Makhleb.
             Slain by Gastronok (27 damage)
             ... on level 8 of the Dungeon.
             The game lasted 00:11:31 (6667 turns).

grindst0ne the Fighter (Formicid Fighter)           Turns: 6667, Time: 00:11:32

Health: -4/82      AC: 16    Str: 21    XL:     9   Next: 82%
Magic:  12/12      EV: 10    Int:  8    God:    Makhleb [***...]
Gold:   432        SH: 16    Dex: 18    Spells: 8/8 levels left

rFire    . . .     SeeInvis +   j - +2 mace (protect)
rCold    . . .     Gourm    .   c - +0 shield
rNeg     . . .     Faith    .   u - +3 leather armour of Unambiguity {MR+ Dex+5 Slay+3}
rPois    .         Spirit   .   (helmet unavailable)
rElec    .         Reflect  .   s - +0 cloak
rCorr    .         Harm     .   w - +0 pair of gloves
MR       +....                  (no boots)
Stlth    +.........             (no amulet)
HPRegen  0.00/turn              (no ring)
MPRegen  0.13/turn              (no ring)

@: protection aura
A: permanent stasis, dig shafts and tunnels, four strong arms, antennae 3, large
bone plates 1, mutation resistance 1, robust 1, inhibited regeneration
a: Dig, Shaft Self, Minor Destruction, Lesser Servant of Makhleb, Renounce
Religion


You were on level 8 of the Dungeon.
You worshipped Makhleb.
Makhleb was most pleased with you.
You were very hungry.

You visited 1 branch of the dungeon, and saw 8 of its levels.

You collected 432 gold pieces.

Inventory:

Hand Weapons
 a - a +0 long sword
 j - a +2 mace of protection (weapon)
Armour
 b - a +0 scale mail
 c - a +0 shield (worn)
 e - a +0 plate armour
 s - a +0 cloak (worn)
 u - the +3 leather armour of Unambiguity (worn) {MR+ Dex+5 Slay+3}
   (You found it on level 4 of the Dungeon)

   It affects your dexterity (+5).
   It affects your accuracy and damage with ranged weapons and melee attacks
   (+3).
   It affects your resistance to hostile enchantments.
 w - a +0 pair of gloves (worn)
Wands
 t - a wand of polymorph (11/24)
 v - a wand of polymorph (6/24)
 B - a wand of confusion (14/48)
 D - a wand of enslavement (10/24)
Scrolls
 i - 3 scrolls of remove curse {unknown}
 m - 3 scrolls of immolation
 q - 2 scrolls of teleportation {unknown}
 y - 3 scrolls of magic mapping {unknown}
 C - 2 scrolls of random uselessness {unknown}
Potions
 g - 3 potions of cancellation
 l - a potion of agility
 o - a potion of brilliance
 p - 2 potions of lignification
Books
 n - a book of the Tempests

   Spells                             Type                      Level
   a - Static Discharge               Conjuration/Air              3
   b - Lightning Bolt                 Conjuration/Air              5
   c - Ignition                       Fire                         8
   d - Tornado                        Air                          9
   e - Shatter                        Earth                        9
 x - a book of Maledictions

   Spells                             Type                      Level
   a - Corona                         Hexes                        1
   b - Ensorcelled Hibernation        Hexes/Ice                    2
   c - Confuse                        Hexes                        3
   d - Tukima's Dance                 Hexes                        3
   e - Dazzling Spray                 Conjuration/Hexes            3
 A - a book of Cantrips

   Spells                             Type                      Level
   a - Confusing Touch                Hexes                        1
   b - Animate Skeleton               Necromancy                   1
   c - Summon Small Mammal            Summoning                    1
   d - Apportation                    Translocation                1
Comestibles
 f - 4 bread rations
 h - 8 fruits
 k - 2 meat rations
 z - 2 royal jellies


   Skills:
 + Level 8.4 Fighting
 - Level 2.0 Long Blades
 + Level 8.2 Armour
 - Level 7.9 Shields
 + Level 4.0 Invocations
 + Level 3.9 Evocations


You had 8 spell levels left.
You didn't know any spells.

Dungeon Overview and Level Annotations

Branches:
Dungeon (8/15)             Temple (0/1) D:7
   Lair: D:8-11

Altars:
Dithmenos
Makhleb
Qazlal
Wu Jian
Yredelemnul

Annotations:
D:8 Gastronok


Innate Abilities, Weirdness & Mutations

You cannot be hasted, slowed, berserked, paralysed or teleported.
You can dig through walls and to a lower floor.
Your four strong arms can wield two-handed weapons with a shield.
You have a pair of large antennae on your head. (SInv)
You are partially covered in large bone plates. (SH +4)
You are somewhat resistant to further mutation.
You are robust. (+10% HP)
You do not regenerate when monsters are visible.


Message History

Gastronok is severely wounded.
You hit Gastronok.
Gastronok is severely wounded.
You strike the helpless Gastronok from behind!
You hit Gastronok.
Gastronok is severely wounded.
Gastronok closely misses you.
You catch the helpless Gastronok completely off-guard!
You hit Gastronok.
Gastronok is severely wounded.
Gastronok bites himself!!
You hit Gastronok.
Gastronok is almost dead.
You hit Gastronok.
Gastronok is almost dead.
You catch the helpless Gastronok completely off-guard!
You sock Gastronok!
Gastronok is almost dead.
Gastronok bites you!!
You die...

.. { #.# . #...
############.#
#....#......#...#.#
#.#.#..#......#.....# ...
#...........#.....###### ..
#......#.####.#.........
#.##.# #......@............
....# #.##.##w###.........
#.#.###..#.#..###.........
####.#...#..#..#......#######
............#.#########
....#.##.......# ........# ..
#.#.....##.### #.......#
#...##.......### #.......#
##..##.###.###.. #.......#


You could see Gastronok (confused).

Vanquished Creatures
  A sky beast (D:7)
  An orc warrior (D:6)
  A black bear (D:7)
  An ogre (D:6)
  A phantom (D:4)
  A big kobold (D:7)
  4 bullfrogs
  11 killer bees (D:7)
  A howler monkey (D:4)
  A centaur zombie (D:6)
  4 crimson imps
  4 hounds
  A jelly (D:7)
  6 orc priests
  Crazy Yiuf (D:3)
  2 gnoll shamans (D:4)
  A bullfrog skeleton (D:6)
  Terence (D:2)
  4 iguanas
  3 orc wizards
  5 worker ants
  2 killer bee zombies (D:7)
  6 adders
  5 gnolls (D:4)
  A shadow imp (D:4)
  2 oozes
  2 dart slugs
  2 worms
  3 leopard geckos
  24 orcs
  7 giant cockroaches
  8 goblins
  A hobgoblin (D:1)
  13 jackals
  11 kobolds
  A quokka (D:6)
  A ball python zombie (D:6)
  4 bats
  4 frilled lizards
  A leopard gecko skeleton (D:5)
  4 rats
157 creatures vanquished.

Notes
Turn   | Place    | Note
-------+----------+-------------------------------------------
     0 | D:1      | grindst0ne the Formicid Fighter began the quest for the Orb.
     0 | D:1      | Reached XP level 1. HP: 18/18 MP: 1/1
   184 | D:1      | Reached XP level 2. HP: 24/24 MP: 2/2
   601 | D:1      | Reached XP level 3. HP: 29/29 MP: 3/3
   904 | D:2      | Reached XP level 4. HP: 37/37 MP: 4/4
   973 | D:2      | Noticed Terence
   990 | D:2      | Killed Terence
  1481 | D:3      | Reached XP level 5. HP: 42/42 MP: 5/5
  1541 | D:3      | Reached skill level 5 in Shields
  1875 | D:3      | Found a shadowy altar of Dithmenos.
  1916 | D:3      | Found a runed door.
  2330 | D:3      | Found a burning altar of Makhleb.
  2343 | D:3      | Reached XP level 6. HP: 47/49 MP: 6/6
  2348 | D:3      | Became a worshipper of Makhleb the Destroyer
  2565 | D:3      | Noticed Crazy Yiuf
  2573 | D:3      | Killed Crazy Yiuf
  2632 | D:4      | Reached skill level 5 in Armour
  2702 | D:4      | Got a fine leather armour
  2713 | D:4      | Identified the +3 leather armour of Unambiguity {MR+ Dex+5 Slay+3} (You found it on level 4 of the Dungeon)
  2896 | D:4      | Reached skill level 5 in Fighting
  2905 | D:4      | Reached XP level 7. HP: 53/56 MP: 7/7
  2992 | D:4      | Found a stormy altar of Qazlal.
  3178 | D:4      | Reached * piety under Makhleb
  3390 | D:4      | Found a basalt altar of Yredelemnul.
  3675 | D:4      | You fall through a shaft for 2 floors!
  3695 | D:6      | Reached XP level 8. HP: 37/64 MP: 8/8
  3922 | D:5      | Entered Level 5 of the Dungeon
  4721 | D:6      | Reached skill level 1 in Invocations
  4721 | D:6      | Reached skill level 1 in Evocations
  4834 | D:6      | Reached XP level 9. HP: 61/72 MP: 10/10
  5142 | D:7      | Reached ** piety under Makhleb
  5587 | D:7      | Found an ornate altar of the Wu Jian Council.
  5917 | D:7      | Found a staircase to the Ecumenical Temple.
  6111 | D:7      | Gained mutation: You are partially covered in iridescent scales. (AC +2) [mutagenic meat]
  6112 | D:7      | Gained mutation: You have a somewhat thin skeletal structure. (Dex +2, Stealth) [mutagenic meat]
  6113 | D:7      | Gained mutation: You are partially covered in large bone plates. (SH +4) [mutagenic meat]
  6114 | D:7      | Gained mutation: You do not regenerate when monsters are visible. [mutagenic meat]
  6115 | D:7      | Gained mutation: You are somewhat resistant to further mutation. [mutagenic meat]
  6267 | D:7      | Reached *** piety under Makhleb
  6600 | D:8      | Noticed Gastronok
  6653 | D:8      | Lost mutation: You are partially covered in iridescent scales. (AC +2) [potion of mutation]
  6653 | D:8      | Lost mutation: You have a somewhat thin skeletal structure. (Dex +2, Stealth) [potion of mutation]
  6653 | D:8      | Gained mutation: You are robust. (+10% HP) [potion of mutation]
  6667 | D:8      | Slain by Gastronok

Vault maps used:
D:1:      denvon_arrival_planthouse
D:2:      first_bread, uniq_terence
D:3:      makhleb_grotto_becter, lemuel_doored_altar, uniq_crazy_yiuf_cottage
D:4:      kennysheep_mini_moat, lemuel_coloured_pillars_altar
D:5:      eino_small_chamber_without_monster, kennysheep_another_room
D:7:      lemuel_crystal_altar, minmay_temple_entry_poolview
D:8:      gammafunk_temple_overflow_pools, lair_entry_dummy, uniq_gastronok

Skill      XL: |  1  2  3  4  5  6  7  8  9 |
---------------+----------------------------+-----
Shields        | 4 5 6 7 |  7.9
Fighting       | 4 5 6 7 8 |  8.4
Armour         | 4 5 6 7 8 |  8.2
Invocations    | 1 4 |  4.0
Evocations     | 1 3 |  3.9
Long Blades    | |  2.0

Action                   |  1- 3 |  4- 6 |  7- 9 || total
-------------------------+-------+-------+-------++-------
Melee: Long sword        |    95 |    22 |       ||   117
       Mace              |       |   171 |   362 ||   533
 Abil: Dig               |     1 |     4 |    16 ||    21
Evoke: Wand              |       |       |     5 ||     5
  Use: Potion            |     2 |       |     6 ||     8
       Scroll            |       |     2 |     4 ||     6
 Stab: Sleeping          |       |     1 |     1 ||     2
       Distracted        |       |       |     4 ||     4
       Confused          |       |       |     5 ||     5
  Eat: Chunk             |       |     8 |    18 ||    26
Armor: Scale mail        |    44 |    49 |       ||    93
       Plate armour      |       |    49 |       ||    49
       Leather armour    |       |    11 |   125 ||   136
Dodge: Dodged            |    39 |    55 |   125 ||   219
Block: Shield            |    71 |   111 |   263 ||   445
       Rpst.: Long sword |    11 |     2 |       ||    13
